 Dungeon Crawl Stone Soup version 0.27-a0-54-g64bdb92e38 (webtiles) character file.

Game seed: 5765353386847093639

1883 kae the Grappler (level 9, -5/61 HPs)
             Began as an Octopode Transmuter on Jan 7, 2021.
             Was a Follower of Wu Jian.
             Slain by a killer bee (6 damage)
             ... on level 6 of the Dungeon.
             The game lasted 00:05:12 (8209 turns).

kae the Grappler (Octopode Transmuter)              Turns: 8209, Time: 00:05:12

Health: -5/61      AC:  1    Str: 13    XL:     9   Next: 14%
Magic:  0/12       EV: 13    Int: 15    God:    Wu Jian [*.....]
Gold:   308        SH:  0    Dex: 12    Spells: 4/12 levels left

rFire    . . .     SeeInvis .     - Unarmed
rCold    . . .     Faith    .   (no shield)
rNeg     . . .     Spirit   +   (helmet currently unavailable)
rPois    .         Reflect  .   e - amulet of guardian spirit
rElec    .         Harm     .   g - ring of wizardry
rCorr    +         Rampage  .   n - ring of resist corrosion
Will     .....                  q - ring of attention (curse)
Stlth    +.........             (no ring)
HPRegen  0.20/turn              (no ring)
MPRegen  0.13/turn              (no ring)
                                (no ring)
                                (no ring)

@: lethally poisoned (-5 -> -44), about to teleport, appendages
A: almost no armour, stealthy swim, amphibious, 8 rings, constrict 8, tentacle
spike 3, camouflage 1, gelatinous body 1
a: End Transformation, Renounce Religion


You were on level 6 of the Dungeon.
You worshipped Wu Jian.
Wu Jian was aware of your devotion.
One of your tentacles had a temporary spike.
You visited 1 branch of the dungeon, and saw 6 of its levels.

You collected 308 gold pieces.

Inventory:

Jewellery
 e - an amulet of guardian spirit (around mantle)
 g - a ring of wizardry (left tentacle)
 n - a ring of resist corrosion (right tentacle)
 q - a cursed ring of attention (on tentacle)
Wands
 h - a wand of iceblast (12)
Scrolls
 b - a scroll of amnesia
 c - 4 scrolls of teleportation
 j - 2 scrolls of remove curse
 s - a scroll of fog {unknown}
 t - a scroll of identify
Potions
 a - 2 potions of mutation
 d - a potion of ambrosia
 f - a potion of might
 i - 3 potions of heal wounds
 k - a potion of flight
 l - a potion of curing
 m - a potion of lignification
 o - a potion of brilliance {unknown}
 p - 2 potions of magic {unknown}
 r - a potion of berserk rage {unknown}


   Skills:
 + Level 5.6 Fighting
 - Level 2.0 Dodging
 * Level 8.5 Unarmed Combat
 + Level 2.0 Spellcasting
 + Level 6.0 Transmutations
 + Level 2.2 Ice Magic


You had 4 spell levels left.
You knew the following spells:

 Your Spells              Type           Power        Failure   Level
a - Beastly Appendage     Tmut           38%          1%          1
b - Spider Form           Tmut/Pois      5%           8%          3
c - Ice Form              Ice/Tmut       13%          16%         4

Your spell library contained the following spells:

 Spells                   Type           Power        Failure   Level
 Wereblood                Tmut           19%          1%          2
 Blade Hands              Tmut           9%           21%         5


Dungeon Overview and Level Annotations

Branches:
Dungeon (6/15)             Temple (0/1) D:6

Altars:
Cheibriados
Elyvilon
Fedhas
Wu Jian
Yredelemnul
Zin


Innate Abilities, Weirdness & Mutations

You cannot wear most types of armour.
You are very stealthy in the water. (Stealth+)
You are amphibious.
You can wear up to eight rings at the same time.
You can use your tentacles to constrict eight enemies at once.
Your skin changes colour to match your surroundings (Stealth+).
Your rubbery body absorbs attacks. (AC +1, EV +1)
One of your tentacles bears a large vicious spike.


Message History

The killer bee poisons you! The killer bee closely misses you.
The killer bee stings you. The killer bee closely misses you.
You are too injured to fight recklessly!
You are too injured to fight recklessly!
You are too injured to fight recklessly!
As you read the scroll of teleportation, it crumbles to dust.
You feel strangely unstable.
* * * LOW HITPOINT WARNING * * *
You feel very sick. The killer bee stings you.
* * * LOW HITPOINT WARNING * * *
You are more poisoned.
The killer bee poisons you! The killer bee stings you.
* * * LOW HITPOINT WARNING * * *
The killer bee stings you.
* * * LOW HITPOINT WARNING * * *
The killer bee stings you!
* * * LOW HITPOINT WARNING * * *
The killer bee stings you.
You die...

..##...........# ..
##..........## .
#...........#
..............##
................##
..###............##
.. #...<.........#
#........(..y.##
#...##.....@yy.#
##.# ###..yyy...#
## ###........#
##........
#........ #........
......... .........


You could see 6 killer bees.

Vanquished Creatures
  Pikel (D:4)
  Grinder (D:3)
  Sigmund (D:3)
  Menkaure (D:4)
  A water moccasin (D:5)
  4 ogres
  A lemure (D:4)
  A bullfrog (D:6)
  A scorpion (D:5)
  2 howler monkeys (D:4)
  A hound (D:5)
  An orc wizard (D:5)
  Ijyb (D:3)
  Terence (D:2)
  2 iguanas
  A worker ant (D:6)
  A hound skeleton (D:4)
  5 adders
  An ooze (D:3)
  2 worms
  2 adder skeletons
  2 dart slugs
  2 leopard geckos
  13 orcs
  4 giant cockroaches
  6 hobgoblins
  13 jackals
  12 kobolds
  5 quokkas
  A ball python (D:5)
  2 bats
  6 frilled lizards
  A giant cockroach zombie (D:5)
  13 goblins
  A leopard gecko skeleton (D:4)
  6 rats
  A bush (D:2)
120 creatures vanquished.

Vanquished Creatures (others)
  3 plants (D:2)
3 creatures vanquished.

Grand Total: 123 creatures vanquished

Notes
Turn   | Place    | Note
-------+----------+-------------------------------------------
     0 | D:1      | kae the Octopode Transmuter began the quest for the Orb.
     0 | D:1      | Reached XP level 1. HP: 13/13 MP: 3/3
   323 | D:1      | Reached XP level 2. HP: 18/18 MP: 3/5
  1063 | D:1      | Reached XP level 3. HP: 9/23 MP: 4/6
  1638 | D:2      | Learned a level 3 spell: Spider Form
  1696 | D:2      | Found a faded altar of an unknown god.
  2099 | D:2      | Reached skill level 4 in Unarmed Combat
  2099 | D:2      | Reached XP level 4. HP: 29/29 MP: 5/7
  2312 | D:2      | Noticed Terence
  2319 | D:2      | Killed Terence
  3430 | D:3      | Noticed Ijyb
  3744 | D:3      | Reached XP level 5. HP: 34/34 MP: 6/8
  3808 | D:3      | Noticed Sigmund
  4574 | D:3      | Noticed Grinder
  4586 | D:3      | Killed Grinder
  4587 | D:3      | Reached skill level 5 in Unarmed Combat
  4587 | D:3      | Reached XP level 6. HP: 18/42 MP: 3/9
  4611 | D:3      | Killed Ijyb
  5338 | D:3      | Killed Sigmund
  5339 | D:3      | Reached skill level 6 in Unarmed Combat
  5339 | D:3      | Reached XP level 7. HP: 46/46 MP: 7/10
  5570 | D:4      | Found a basalt altar of Yredelemnul.
  5710 | D:4      | Found a glowing silver altar of Zin.
  5740 | D:4      | Noticed Pikel
  5758 | D:4      | Killed Pikel
  5759 | D:4      | Reached skill level 7 in Unarmed Combat
  5759 | D:4      | Reached skill level 5 in Transmutations
  5759 | D:4      | Reached XP level 8. HP: 16/54 MP: 5/11
  5984 | D:4      | Noticed Menkaure
  6088 | D:4      | Found an ornate altar of the Wu Jian Council.
  6098 | D:4      | Became a worshipper of the Wu Jian Council
  6181 | D:4      | Learned a level 4 spell: Ice Form
  6192 | D:4      | Killed Menkaure
  6308 | D:4      | Found a white marble altar of Elyvilon.
  6550 | D:5      | Entered Level 5 of the Dungeon
  6557 | D:5      | Reached skill level 5 in Fighting
  6629 | D:5      | Found a snail-covered altar of Cheibriados.
  7077 | D:5      | Reached skill level 1 in Ice Magic
  7219 | D:5      | Reached skill level 8 in Unarmed Combat
  7336 | D:5      | Reached XP level 9. HP: 25/61 MP: 4/12
  7766 | D:5      | Found a blossoming altar of Fedhas.
  7895 | D:6      | Found a staircase to the Ecumenical Temple.
  7933 | D:6      | Reached * piety under Wu Jian
  8209 | D:6      | HP: 1/61 [killer bee (5)]
  8209 | D:6      | Slain by a killer bee

Illustrated notes

Levels and vault maps discovered:
D:1:      lightli_arrival_chessboard, layout_basic, minivault_4
D:2:      layout_loops_corners, serial_forest, infiniplex_forest_side_room,
          infiniplex_forest_clump_diagonal, infiniplex_forest_end_3,
          infiniplex_forest_straight_3, infiniplex_forest_lined_4_way,
          infiniplex_forest_clump_small, infiniplex_forest_corner_1,
          infiniplex_forest_lined_room_2, chequers_ecumenical_altar_island,
          grunt_decor_one_mirror, uniq_terence
D:3:      minmay_octagon_keep, layout_basic, minmay_pentangle, uniq_sigmund,
          uniq_ijyb, uniq_grinder
D:4:      layout_basic, kennysheep_ying_yang, lemuel_crystal_altar,
          lemuel_round_altar, chequers_serial_rivers_micro_c, uniq_pikel,
          uniq_menkaure
D:5:      layout_loops_ring, fedhas_altar_4, cheibriados_altar_1
D:6:      layout_cave_pods, ashenzari_conservatory_becter,
          minmay_temple_entry_drinking_statues, serial_shops,
          kennysheep_mini_moat, basic_altar, kennysheep_generic_room_4

Skill      XL: |  1  2  3  4  5  6  7  8  9 |
---------------+----------------------------+-----
Unarmed Combat | 4 5 6 7 8 |  8.5
Fighting       | 2 3 4 5 |  5.6
Transmutations | 3 4 5 6 |  6.0
Ice Magic      | 1 2 |  2.2
Dodging        | |  2.0
Spellcasting   | |  2.0

Action                   |  1- 3 |  4- 6 |  7- 9 || total
-------------------------+-------+-------+-------++-------
Melee: Unarmed           |    88 |   174 |   128 ||   390
       Constrict         |    21 |    21 |    19 ||    61
       Tentacles         |     8 |    36 |    10 ||    54
       Kick              |    12 |    11 |    15 ||    38
       Punch             |     2 |     2 |     5 ||     9
 Cast: Beastly Appendage |    21 |    17 |    17 ||    55
       Spider Form       |       |     2 |     6 ||     8
       Ice Form          |       |       |     1 ||     1
Invok: Lunge             |       |       |     3 ||     3
  Use: Scroll            |       |     8 |     6 ||    14
 Stab: Sleeping          |     9 |     1 |     2 ||    12
       Distracted        |       |     1 |       ||     1
Armor: Skin              |     5 |     1 |     6 ||    12
Dodge: Dodged            |    52 |    38 |    92 ||   182

Table legend: (Time is in decaauts)
 A = Elapsed time spent in this place.
 B = Non-inter-level travel time spent in this place.
 C = Inter-level travel time spent in this place.
 D = Time resting spent in this place.
 E = Time spent auto-exploring this place.
 F = Levels seen in this place.
 G = Mean time per level.
                   A        B        C        D        E       F      G
               +--------+--------+--------+--------+--------+-----+--------+
         Total |   8169 |   7743 |    426 |    440 |   6335 |   6 | 1361.5 |
       Dungeon |   8169 |   7743 |    426 |    440 |   6335 |   6 | 1361.5 |
               +--------+--------+--------+--------+--------+-----+--------+

Top non-repeatable levels by time:
     D:2: 1921 daAuts
     D:3: 1909 daAuts
     D:1: 1552 daAuts
     D:5: 1311 daAuts
     D:4: 1140 daAuts
     D:6: 334 daAuts
